 Dungeon Crawl Stone Soup version 0.28-a0-706-gf6f64a616a (webtiles) character file.

Game seed: 12954947405563739601

105 Demosthentine the Poker (level 4, -1/35 HPs)
             Began as a Merfolk Gladiator on Oct 25, 2021.
             Slain by a ball python (3 damage)
             ... on level 2 of the Dungeon.
             The game lasted 00:01:44 (2563 turns).

Demosthentine the Poker (Merfolk Gladiator)         Turns: 2563, Time: 00:01:45

Health: -1/35      AC:  5    Str: 15    XL:     4   Next: 81%
Magic:  4/4        EV: 10    Int:  7    God:
Gold:   48         SH:  0    Dex: 15    Spells: 3/3 levels left

rFire   + . .      SeeInvis .   a - +0 trident
rCold   + . .      Faith    .   (no shield)
rNeg    . . .      Spirit   .   b - +0 leather armour
rPois   +          Reflect  .   c - +0 helmet
rElec   +          Harm     .   (no cloak)
rCorr   +          Rampage  .   (no gloves)
Will    .....                   e - +0 pair of boots
Stlth   +.........              (no amulet)
HPRegen 0.11/turn               (no ring)
MPRegen 0.09/turn               (no ring)

@: resistant, constricted
A: (nimble swimmer 2), mertail
a: no special abilities


You were on level 2 of the Dungeon.
You visited 1 branch of the dungeon, and saw 3 of its levels.

You collected 48 gold pieces.

Inventory:

Hand Weapons
 a - a +0 trident (weapon)
Missiles
 d - 3 throwing nets (quivered)
Armour
 b - a +0 leather armour (worn)
 c - a +0 helmet (worn)
 e - a +0 pair of boots (worn)
Jewellery
 j - a ring of protection from fire
Potions
 f - a potion of attraction {unknown}
 g - a potion of curing {unknown}
 h - a potion of lignification {unknown}
 i - a potion of resistance


   Skills:
 + Level 3.2 Fighting
 + Level 5.4 Polearms
 - Level 2.0 Throwing
 + Level 1.3 Armour
 + Level 4.9 Dodging


You had 3 spell levels left.
You didn't know any spells.
Your spell library contained the following spells:

 Spells                   Type           Power      Damage    Failure   Level
 Pain                     Necr           0%         1d4       50%         1
 Call Canine Familiar     Summ           0%         N/A       86%         3
 Portal Projectile        Hex/Tloc       0%         N/A       86%         3
 Leda's Liquefaction      Hex/Erth       0%         N/A       99%         4
 Agony                    Necr           0%         N/A       100%        5
 Excruciating Wounds      Necr           0%         N/A       100%        5


Dungeon Overview and Level Annotations

Branches:
Dungeon (3/15)

Altars:


Innate Abilities, Weirdness & Mutations

((You are quick and stealthy near water. (Stealth+, EV+, Speed+++)))
Your lower body shifts to a powerful aquatic tail in water.


Message History

Things that are here:
a +0 dagger; a goblin corpse
There is a stone staircase leading up here.
You climb upwards.
There is a stone staircase leading down here.
HP restored.
Done exploring.
You climb downwards.
The gnoll hits you with a +0 flail.
There is a stone staircase leading up here.
The gnoll hits you with a +0 flail!
The ball python bites you but does no damage.
The ball python closely misses you.
You climb upwards.
There is a stone staircase leading down here.
You hit the gnoll.
The gnoll is lightly wounded.
The gnoll hits you with a +0 flail! The ball python bites you.
The ball python grabs you. The ball python constricts you.
You are too injured to fight recklessly!
You are too injured to fight recklessly!
You are too injured to fight recklessly!
You are too injured to fight recklessly!
You are too injured to fight recklessly!
You hit the gnoll.
The gnoll is heavily wounded.
The gnoll hits you with a +0 flail.
* * * LOW HITPOINT WARNING * * *
The ball python bites you but does no damage.
The ball python constricts you.
You barely miss the gnoll.
The gnoll is heavily wounded.
The ball python barely misses you. The ball python constricts you.
The gnoll hits you with a +0 flail!
* * * LOW HITPOINT WARNING * * *
The ball python bites you but does no damage.
The ball python constricts you.
It was a potion of resistance.
You feel protected. The gnoll barely misses you. The ball python bites you.
You die...

#####.......#.##....#.....
#.....###.#.#.##....#.^...
#.....# #.#.#.##....#.....
#.....# #.#.#.##....######
#.....# #.#.#.####### ####
#.....###.#.#.# #...
#.........#.#.# #...
#....####.#.#.#########...
####....####@S..[........'...
#...........g..........###...
#.##.#######.#.#....#..######
#.......# #.#.#.............
####.##.# #.#.#..###..#####.
#.##.####.#.#.............
#...................##....
#.##.##....<#..###.###....
#.##.###.##.#......# #....


You could see a gnoll and a ball python.

Vanquished Creatures
  2 adders (D:2)
  4 gnolls
  2 worms
  An orc (D:3)
  7 ball pythons
  3 bats
  An endoplasm (D:2)
  4 giant cockroaches
  2 goblins
  7 hobgoblins
  A kobold (D:1)
  2 quokkas
  5 frilled lizards
  3 rats
44 creatures vanquished.

Notes
Turn   | Place    | Note
-------+----------+-------------------------------------------
     0 | D:1      | Demosthentine the Merfolk Gladiator began the quest for the
                  | Orb.
     0 | D:1      | Reached XP level 1. HP: 16/16 MP: 1/1
   279 | D:1      | Reached XP level 2. HP: 23/23 MP: 2/2
   552 | D:1      | Found a faded altar of an unknown god.
  1140 | D:2      | Reached XP level 3. HP: 15/28 MP: 3/3
  1359 | D:2      | Reached skill level 5 in Polearms
  1380 | D:2      | Reached skill level 1 in Armour
  1900 | D:2      | Reached XP level 4. HP: 27/35 MP: 4/4
  2208 | D:3      | Noticed a gnoll sergeant
  2563 | D:2      | Slain by a ball python

Illustrated notes

Levels and vault maps discovered:
D:1:      lightli_arrival_windingriver, layout_rooms,
          hellmonk_ecumenical_altar_leap_of_faith,
          chequers_serial_rivers_room_a, supply_closet_lemuel,
          chequers_mini_garden, dk_noncrumbling_2, kennysheep_decorative_pillar
D:2:      layout_basic
D:3:      layout_loops_ring, minmay_between, uniq_grinder

Skill      XL: |  1  2  3 |
---------------+----------+-----
Polearms       | 5 |  5.4
Armour         | 1 |  1.3
Fighting       | 3 |  3.2
Throwing       | |  2.0
Dodging        | |  4.9

Action                   |  1- 3 |  4- 6 || total
-------------------------+-------+-------++-------
Melee: Trident           |   124 |    39 ||   163
  Use: Scroll            |     2 |       ||     2
       Potion            |       |     1 ||     1
 Stab: Sleeping          |     3 |     1 ||     4
Armor: Leather armour    |    17 |     8 ||    25
Dodge: Dodged            |    57 |    23 ||    80

Table legend: (Time is in decaauts)
 A = Elapsed time spent in this place.
 B = Non-inter-level travel time spent in this place.
 C = Inter-level travel time spent in this place.
 D = Time resting spent in this place.
 E = Time spent auto-exploring this place.
 F = Levels seen in this place.
 G = Mean time per level.
                   A        B        C        D        E       F      G
               +--------+--------+--------+--------+--------+-----+--------+
         Total |   2568 |   2510 |     58 |      0 |   2104 |   3 |  856.0 |
       Dungeon |   2568 |   2510 |     58 |      0 |   2104 |   3 |  856.0 |
               +--------+--------+--------+--------+--------+-----+--------+

Top non-repeatable levels by time:
     D:2: 1542 daAuts
     D:1: 826 daAuts
     D:3: 200 daAuts
